 Dungeon Crawl Stone Soup version 0.18.1-8-gdd0e5ea (webtiles) character file.

413 Northaan the Spear-Bearer (level 6, -6/52 HPs)
             Began as a Merfolk Fighter on May 27, 2016.
             Was a Believer of Qazlal.
             Mangled by Northaan's ghost (14 damage)
             ... on level 4 of the Dungeon.
             The game lasted 00:06:49 (3837 turns).

Northaan the Spear-Bearer (Merfolk Fighter)         Turns: 3837, Time: 00:06:50

Health: -6/52      AC:  7    Str: 18    XL:     6   Next: 90%
Magic:  6/6        EV:  7    Int:  7    God:    Qazlal [**....]
Gold:   177        SH: 12    Dex: 19    Spells: 0 memorised, 5 levels left

rFire  + . .     SeeInvis .     a - +1 trident
rCold  . . .     Gourm    .     b - +0 scale mail
rNeg   . . .     Faith    .     c - +0 shield
rPois  .         Spirit   .     (no helmet)
rElec  .         Dismiss  .     (no cloak)
rCorr  .         Reflect  .     (no gloves)
SustAt .         Harm     .     x - +0 pair of boots
MR     .....                    (no amulet)
Stlth  ..........               r - ring of protection from fire
                                o - +5 ring of dexterity

@: not resistant to hostile enchantments, extremely unstealthy
A: change form in water, swift swim
a: Upheaval, Renounce Religion


You were on level 4 of the Dungeon.
You worshipped Qazlal.
Qazlal was pleased with you.
You were not hungry.

You visited 1 branch of the dungeon, and saw 5 of its levels.

You collected 177 gold pieces.

Inventory:

Hand Weapons
 a - a +1 trident (weapon)
Armour
 b - a +0 scale mail (worn)
 c - a +0 shield (worn)
 x - a +0 pair of boots (worn)
Jewellery
 o - a +5 ring of dexterity (left hand)
 p - an uncursed ring of see invisible
 q - a -3 ring of evasion
 r - a ring of protection from fire (right hand)
 t - an uncursed ring of positive energy
Scrolls
 i - 2 scrolls of fog
 m - 5 scrolls of identify
 u - a scroll of random uselessness {unknown}
 w - 2 scrolls of remove curse
Potions
 d - 2 potions of might
 e - a potion of mutation {unknown}
 g - 5 potions of curing
 j - a potion of cure mutation {unknown}
 k - 2 potions of magic {unknown}
 l - a potion of agility {unknown}
 n - a potion of brilliance {unknown}
 v - 2 potions of heal wounds {unknown}
Comestibles
 f - 3 bread rations
 h - 11 fruits
 s - a royal jelly


   Skills:
 + Level 5.7 Fighting
 * Level 8.2 Polearms
 - Level 2.1 Armour
 - Level 3.0 Shields


You had 5 spell levels left.
You didn't know any spells.

Dungeon Overview and Level Annotations

Branches:
Dungeon (5/15)
 Temple: D:4-7

Altars:
Fedhas
Makhleb
Qazlal

Annotations:
D:4 Northaan's ghost, novice TeBe


Message History

Northaan's ghost closely misses you.
You hit Northaan's ghost but do no damage.
Northaan's ghost is heavily damaged.
You block Northaan's ghost's attack.
You closely miss Northaan's ghost.
Northaan's ghost is heavily damaged.
You block Northaan's ghost's attack.
You hit Northaan's ghost.
Northaan's ghost is heavily damaged.
You completely miss Northaan's ghost.
Northaan's ghost is heavily damaged.
Northaan's ghost hits you.
You hit Northaan's ghost but do no damage.
Northaan's ghost is heavily damaged.
Northaan's ghost barely misses you. Northaan's ghost hits you!
* * * LOW HITPOINT WARNING * * *
Northaan's ghost is engulfed in roaring flames.
Northaan's ghost hits you!
You die...

#..........#...#.#........#
#..........###...........#
#..........# ##..........#.
##.........####..##........
#.....^.........##........#
#..........###...#........#
...<.......###...#........#
#..(.................>....#
#..........###.)@.##...#...
#.........## #.#.W#######..
#........## #..#..ยง.# #.
#..##.....# ####....#
...##.....# #.........#
#..##....## .$...$......#
#.....#8..#........##
###.#[#####.......## ..#..
..........


You could see Northaan's ghost.

Vanquished Creatures
  A crimson imp (D:2)
  3 orc priests
  A hound (D:4)
  An orc wizard (D:2)
  3 worker ants
  6 adders
  3 worms
  4 dart slugs
  2 giant geckos
  14 orcs
  3 giant cockroaches
  10 goblins
  7 hobgoblins
  4 jackals (D:3)
  7 kobolds
  A ball python (D:2)
  6 bats
  2 giant newts (D:2)
  10 rats
88 creatures vanquished.

Notes
Turn   | Place    | Note
--------------------------------------------------------------
     0 | D:1      | Northaan the Merfolk Fighter began the quest for the Orb.
     0 | D:1      | Reached XP level 1. HP: 18/18 MP: 1/1
   399 | D:1      | Reached XP level 2. HP: 25/25 MP: 2/2
   578 | D:1      | Reached XP level 3. HP: 30/30 MP: 3/3
  1015 | D:2      | Reached skill level 4 in Polearms
  1190 | D:2      | Found a blossoming altar of Fedhas.
  1197 | D:2      | Found a stormy altar of Qazlal.
  1238 | D:2      | Became a worshipper of Qazlal Stormbringer
  1354 | D:2      | Reached XP level 4. HP: 38/38 MP: 4/4
  1693 | D:2      | Reached skill level 5 in Polearms
  1850 | D:2      | Found a burning altar of Makhleb.
  1864 | D:2      | Reached * piety under Qazlal
  1864 | D:2      | Reached XP level 5. HP: 43/43 MP: 5/5
  2174 | D:2      | Reached skill level 6 in Polearms
  2390 | D:3      | Reached skill level 5 in Fighting
  2656 | D:3      | Reached skill level 7 in Polearms
  2677 | D:3      | Reached XP level 6. HP: 51/51 MP: 6/6
  2934 | D:4      | Noticed Northaan's ghost (novice TeBe)
  2937 | D:5      | Entered Level 5 of the Dungeon
  2956 | D:5      | Reached ** piety under Qazlal
  3579 | D:4      | Reached skill level 8 in Polearms
  3837 | D:4      | Mangled by Northaan's ghost

Skill      XL: |  1  2  3  4  5  6 |
---------------+-------------------+-----
Fighting       | 4 5 |  5.7
Polearms       | 4 5 7 8 |  8.2
Armour         | |  2.1
Shields        | |  3.0

Action                   |  1- 3 |  4- 6 || total
-------------------------+-------+-------++-------
Melee: Trident           |   118 |   198 ||   316
  Use: Scroll            |       |     5 ||     5
  Eat: Chunk             |     2 |     7 ||     9
       Fruit             |       |     1 ||     1
Armor: Scale mail        |    43 |    40 ||    83
Dodge: Dodged            |    17 |    26 ||    43
Block: Shield            |    41 |    64 ||   105
